 Dungeon Crawl Stone Soup version 0.23.0-28-g6fe0f4d (webtiles) character file.

Game seed: 0

39934 Mgcat the Grappler (level 13, -1/137 HPs)
             Began as a Troll Fire Elementalist on Feb 25, 2019.
             Was the Champion of Okawaru.
             Slain by a komodo dragon (30 damage)
             ... on level 4 of the Lair of Beasts.
             The game lasted 00:42:56 (16869 turns).

Mgcat the Grappler (Troll Fire Elementalist)       Turns: 16869, Time: 00:42:57

Health: -1/137     AC:  9    Str: 23    XL:     13   Next: 71%
Magic:  15/15      EV: 14    Int:  9    God:    Okawaru [******]
Gold:   1267       SH: 13    Dex: 19    Spells: 13/14 levels left

rFire    + . .     SeeInvis +     - Unarmed
rCold    + + +     Gourm    +   u - +1 large shield {reflect}
rNeg     + . .     Faith    .   a - +1 robe
rPois    .         Spirit   .   r - +2 hat {SInv}
rElec    .         Reflect  +   D - scarf {rC+ rF+}
rCorr    .         Harm     .   (gloves unavailable)
MR       .....                  (boots unavailable)
Stlth    ++........             w - amulet of the acrobat
HPRegen  0.72/turn              x - +4 ring of dexterity
MPRegen  0.14/turn              C - ring of Ring {*Drain +Blink rC++ rN+ Dex+5}

@: studying Ice Magic
A: large, unfitting armour, claws 3, hooves 1, dopey 1, fast metabolism 3,
gourmand, regeneration 1, shaggy fur 1, tough skin 3
a: Heroism, Finesse, Renounce Religion, Evoke Blink


You were on level 4 of the Lair of Beasts.
You worshipped Okawaru.
Okawaru was exalted by your worship.
You were very full.

You visited 3 branches of the dungeon, and saw 19 of its levels.
You also visited: Ossuary and Ice Cave.

You collected 1267 gold pieces.

Inventory:

Armour
 a - a +1 robe (worn)
 r - a +2 hat of see invisible (worn)
   (Okawaru gifted it to you on level 10 of the Dungeon)
 u - a +1 large shield of reflection (worn)
   (Okawaru gifted it to you on level 3 of the Lair of Beasts)
 D - a scarf of resistance (worn)
   (You found it on level 6 of the Dungeon)
Jewellery
 w - an amulet of the acrobat (around neck)
   (You found it on level 2 of the Dungeon)
 x - a +4 ring of dexterity (left claw)
   (You found it on level 3 of the Dungeon)
 C - the ring of Ring (right claw) {*Drain +Blink rC++ rN+ Dex+5}
   (You found it on level 6 of the Dungeon)

   [ring of positive energy]

   It affects your dexterity (+5).
   It greatly protects you from cold.
   It protects you from negative energy.
   It lets you blink.
   It causes draining when unequipped.
 G - an uncursed ring of positive energy {rN+}
   (You found it on level 8 of the Dungeon)
Wands
 g - a wand of iceblast (9)
   (You found it on level 1 of the Lair of Beasts)
 j - a wand of digging (5)
   (You found it on level 2 of the Lair of Beasts)
 v - a wand of scattershot (1)
   (You found it on level 6 of the Dungeon)
 y - a wand of disintegration (20)
   (You found it on level 4 of the Dungeon)
Scrolls
 k - 11 scrolls of teleportation
 l - 9 scrolls of remove curse
 n - 2 scrolls of fear
 o - 6 scrolls of fog
 t - 2 scrolls of amnesia
 E - 6 scrolls of identify
Potions
 d - a potion of magic
 e - 11 potions of curing
 f - a potion of mutation {!q}
 i - 3 potions of cancellation
 m - a potion of ambrosia {unknown}
 p - 2 potions of agility
 q - 5 potions of brilliance
 z - 3 potions of flight
 A - 5 potions of heal wounds
 B - 5 potions of resistance
 J - 3 potions of haste
Books
 h - a manual of Ice Magic {!d}
   (You found it in an ice cave)
Comestibles
 b - 3 chunks of flesh {@w0}
 c - 40 rations


   Skills:
 + Level 11.3 Fighting
 + Level 11.5 Dodging
 - Level 1.0 Stealth
 + Level 13.2 Unarmed Combat
 - Level 1.2 Spellcasting
 - Level 0.6 Conjurations
 - Level 2.1 Fire Magic
 - Level 5.0 Invocations


You had 13 spell levels left.
You knew the following spells:

 Your Spells              Type           Power        Failure   Level  Hunger
a - Flame Tongue          Conj/Fire      #....        99%         1    ##.....

Your spell library contained the following spells:

 Spells                   Type           Power        Failure   Level  Hunger
 Confusing Touch          Hex            #.....       100%        1    ##.....
 Corona                   Hex            #......      100%        1    ##.....
 Infusion                 Chrm           #...         100%        1    ##.....
 Magic Dart               Conj           #...         100%        1    ##.....
 Sandblast                Erth           #.....       100%        1    ##.....
 Blink                    Tloc           N/A          100%        2    ###....
 Call Imp                 Summ           #.......     100%        2    ###....
 Passwall                 Tmut/Erth      #.......     100%        2    ###....
 Slow                     Hex            #.......     100%        2    ###....
 Throw Flame              Conj/Fire      #.....       100%        2    ###....
 Confuse                  Hex            #.......     100%        3    ####...
 Conjure Flame            Conj/Fire      #.......     100%        3    ####...
 Gell's Gravitas          Tloc           #.........   100%        3    ####...
 Inner Flame              Hex/Fire       #.......     100%        3    ####...
 Mephitic Cloud           Conj/Pois/Air  #.......     100%        3    ####...
 Portal Projectile        Hex/Tloc       #.....       100%        3    ####...
 Stone Arrow              Conj/Erth      #.....       100%        3    ####...
 Tukima's Dance           Hex            #.......     100%        3    ####...
 Cause Fear               Hex            #.........   100%        4    #####..
 Leda's Liquefaction      Hex/Erth       #.........   100%        4    #####..
 Petrify                  Tmut/Erth      #.......     100%        4    #####..
 Sticky Flame             Conj/Fire      #.......     100%        4    #####..
 Summon Lightning Spire   Summ/Air       #.......     100%        4    #####..
 Fireball                 Conj/Fire      #.........   100%        5    ######.
 Irradiate                Conj/Tmut      #.........   100%        5    ######.
 Lee's Rapid Deconstruct  Erth           #.........   100%        5    ######.
 Metabolic Englaciation   Hex/Ice        #.........   100%        5    ######.
 Silence                  Hex/Air        #.........   100%        5    ######.
 Yara's Violent Unravell  Hex/Tmut       #.........   100%        5    ######.
 Conjure Ball Lightning   Conj/Air       #.........   100%        6    #######
 Deflect Missiles         Chrm/Air       #.........   100%        6    #######
 Statue Form              Tmut/Erth      #........    100%        6    #######
 Tornado                  Air            #.........   100%        9    #######


Dungeon Overview and Level Annotations

Branches:
Dungeon (14/15)            Temple (1/1) D:5            Lair (4/6) D:9
 Shoals (0/4) Lair:2        Snake (0/4) Lair:2
    Orc: D:9-12      Vaults: D:13-14

Altars:
Ashenzari
Cheibriados
Dithmenos
Elyvilon
Fedhas
Gozag
Hepliaklqana
Kikubaaqudgha
Makhleb
Nemelex Xobeh
Okawaru
Qazlal
Ru
Sif Muna
Trog
Uskayaw
Vehumet
Xom
Yredelemnul
Zin
The Shining One

Shops:
D:11 !

Annotations:
D:6 3 runed translucent doors, exclusion: Grinder, Grinder; OwlQaeda's ghost, novice MiFi
D:10 1 runed translucent door
Lair:3 exclusion: 3 oklob plants


Innate Abilities, Weirdness & Mutations

You are too large for most types of armour.
You have claws for hands.
Your metabolism is lightning-fast.
You like to eat raw meat.
Your natural rate of healing is unusually fast.
You are covered in fur. (AC +1)
You have extremely tough skin. (AC +3)
You have large cloven feet.
You are dopey. (Int -2)


Message History

Something gores the plant but does no damage.
The yak gores the plant.
Something gores the plant!
Warning x3: The yak can hit for moderate damage in melee! x2
The komodo dragon can hit for high damage in melee!
You barely miss the yak.
The yak is heavily wounded.
The komodo dragon bites you. The yak completely misses you.
Something gores the plant!
The plant is destroyed!
You take 5 damage, and have 120/137 hp.
Warning x3: The yak can hit for moderate damage in melee! x2
The komodo dragon can hit for high damage in melee!
You claw the yak!
You kill the yak!
Okawaru accepts your kill. The komodo dragon bites you!
You take 8 damage, and have 112/137 hp.
Warning x2: The yak can hit for moderate damage in melee!
The komodo dragon can hit for high damage in melee!
You scratch the komodo dragon but do no damage.
You kick the komodo dragon, but do no damage.
Warning x3: The yak can hit for moderate damage in melee! x2
The komodo dragon can hit for high damage in melee!
You scratch the yak. You kick the yak.
The yak is lightly wounded.
You block the komodo dragon's attack. The yak misses you.
Warning x3: The yak can hit for moderate damage in melee! x2
The komodo dragon can hit for high damage in melee!
You mangle the yak!! You kick the yak, but do no damage.
The yak is almost dead.
The komodo dragon bites you!! The yak gores you!
You take 31 damage, and have 82/137 hp.
MASSIVE DAMAGE!!
Danger x4: yak x3, komodo dragon!
You are too injured to fight recklessly!
You are too injured to fight recklessly!
You are too injured to fight recklessly!
You are too injured to fight recklessly!
You claw the yak!
You kill the yak!
Okawaru accepts your kill. The komodo dragon bites you!
You take 13 damage, and have 69/137 hp.
Warning x3: The yak can hit for moderate damage in melee! x2
The komodo dragon can hit for high damage in melee!
You closely miss the komodo dragon. You block the komodo dragon's attack.
You block the yak's attack.
Warning x3: The yak can hit for moderate damage in melee! x2
The komodo dragon can hit for high damage in melee!
You scratch the komodo dragon but do no damage.
You kick the komodo dragon!
The komodo dragon is lightly wounded.
The yak gores you. You block the komodo dragon's attack.
The yak gores you but does no damage.
You take 1 damage, and have 69/137 hp.
Warning x3: The yak can hit for moderate damage in melee! x2
The komodo dragon can hit for high damage in melee!
You scratch the yak. You kick the yak.
The yak is lightly wounded.
The yak gores you but does no damage. The komodo dragon bites you!
You take 8 damage, and have 61/137 hp.
Warning x3: The yak can hit for moderate damage in melee! x2
The komodo dragon can hit for high damage in melee!
Your shield prevents you from hitting the yak.
Your kick misses the yak.
The yak is lightly wounded.
The yak misses you. You block the yak's attack.
Warning x3: The yak can hit for moderate damage in melee! x2
The komodo dragon can hit for high damage in melee!
You barely miss the yak. You kick the yak, but do no damage.
The yak is lightly wounded.
You block the komodo dragon's attack. The yak gores you but does no damage.
The yak gores you!
You take 7 damage, and have 54/137 hp.
Warning x3: The yak can hit for moderate damage in melee! x2
The komodo dragon can hit for high damage in melee!
You claw the yak! You kick the yak, but do no damage.
The yak is heavily wounded.
The komodo dragon misses you. You block the yak's attack.
The yak gores you but does no damage.
Warning x3: The yak can hit for moderate damage in melee! x2
The komodo dragon can hit for high damage in melee!
You mangle the yak!!
You kill the yak!
Okawaru accepts your kill. You block the komodo dragon's attack.
You block the yak's attack.
Warning x2: The yak can hit for moderate damage in melee!
The komodo dragon can hit for high damage in melee!
You barely miss the yak. The komodo dragon closely misses you.
The yak gores you.
You take 1 damage, and have 54/137 hp.
Warning x2: The yak can hit for moderate damage in melee!
The komodo dragon can hit for high damage in melee!
You scratch the yak. You kick the yak, but do no damage.
The yak is lightly wounded.
You block the komodo dragon's attack. You block the yak's attack.
Warning x2: The yak can hit for moderate damage in melee!
The komodo dragon can hit for high damage in melee!
You claw the yak! You kick the yak.
The yak is heavily wounded.
You hear the thunderous beating of a very distant drum.
The komodo dragon bites you!!
* * * LOW HITPOINT WARNING * * *
The yak gores you.
* * * LOW HITPOINT WARNING * * *
You take 28 damage, and have 27/137 hp.
MASSIVE DAMAGE!!
Warning x2: The yak can hit for moderate damage in melee!
The komodo dragon can hit for high damage in melee!
You claw the yak! You kick the yak.
The yak is almost dead.
You block the komodo dragon's attack.
Warning x2: The yak can hit for moderate damage in melee!
The komodo dragon can hit for high damage in melee!
You claw the yak!
You kill the yak!
Okawaru accepts your kill. The komodo dragon bites you!!
You die...

.. ##. ## #.## #.# ####
#.##... ######># ###...
.......####.#P.#.###.#....
/........#..........##....
....^<................†...
?.........................
........†l?.........#.....
......Y†#@...........##P.#
.......##...........######
.##..## ##..#.##.##.P# ##
#############


You could see a komodo dragon.

Vanquished Creatures
  Snorg (D:10)
  A fire dragon (Lair:2)
  A hydra (D:11)
  2 centaur warriors (D:14)
  A two-headed ogre (D:13)
  A death knight (D:11)
  Nergalle (D:11)
  An unseen horror (D:14)
  2 wizards (D:11)
  2 deep elf magi (D:11)
  7 ugly things
  4 elephants (Lair:3)
  A centaur zombie (D:14)
  Maurice (D:10)
  3 ice statues (IceCv)
  A black mamba (Lair:4)
  Psyche (D:8)
  2 centaur skeletons (D:14)
  A gargoyle (D:13)
  6 spiny frogs
  2 kobold demonologists (D:14)
  4 komodo dragons
  2 ice devils (Lair:1)
  2 trolls
  2 polar bears
  A harpy skeleton (D:10)
  3 blink frogs (Lair:3)
  6 hippogriffs
  Sigmund (D:2)
  3 wyverns
  A shadow (D:10)
  3 basilisks
  50 yaks
  4 vampire mosquitoes (D:14)
  A hungry ghost (D:8)
  5 nagas (Lair:2)
  5 water moccasins
  A porcupine (Lair:1)
  4 orc warriors
  6 sky beasts
  9 ice beasts
  2 phantoms
  6 centaurs
  A black bear (D:7)
  5 wolves (Lair:1)
  9 ogres
  4 crocodiles
  3 big kobolds
  Blork the orc (D:4)
  A gnoll sergeant (D:7)
  16 bullfrogs
  A wyvern skeleton (D:12)
  A water moccasin skeleton (D:9)
  2 scorpions
  6 killer bees (D:10)
  2 howler monkeys
  22 wights
  2 crimson imps
  2 quasits
  9 hounds
  2 bullfrog skeletons
  6 orc priests
  5 jellies
  Jessica (D:2)
  4 iguanas
  8 worker ants
  Terence (D:2)
  8 orc wizards
  A killer bee zombie (D:7)
  2 hound zombies (D:6)
  3 hound skeletons
  13 mummies (Ossuary)
  A worker ant zombie (D:5)
  Robin (D:3)
  8 gnolls
  17 adders
  3 shadow imps
  An ooze (D:3)
  An adder skeleton (D:4)
  A dart slug (D:4)
  2 leopard geckos
  34 orcs
  3 ball pythons
  4 bats
  7 giant cockroaches
  13 goblins
  10 hobgoblins
  8 jackals
  12 kobolds
  6 quokkas
  6 frilled lizards
  A giant cockroach zombie (D:6)
  3 gnoll skeletons (Ossuary)
  4 goblin skeletons
  3 goblin zombies (D:9)
  5 hobgoblin zombies (D:9)
  3 kobold skeletons (Ossuary)
  2 kobold zombies (D:9)
  A leopard gecko skeleton (D:5)
  2 orc skeletons
  3 orc zombies (D:9)
  23 rats
  11 rat skeletons (Ossuary)
503 creatures vanquished.

Vanquished Creatures (others)
  3 fungi
  5 plants
8 creatures vanquished.

Grand Total: 511 creatures vanquished

Notes
Turn   | Place    | Note
-------+----------+-------------------------------------------
     0 | D:1      | Mgcat the Troll Fire Elementalist began the quest for the
                  | Orb.
     0 | D:1      | Reached XP level 1. HP: 16/16 MP: 1/1
   184 | D:1      | Reached XP level 2. HP: 26/26 MP: 2/2
   317 | D:1      | Reached skill level 1 in Unarmed Combat
   473 | D:1      | Reached skill level 2 in Dodging
   738 | D:2      | Reached skill level 1 in Fighting
   800 | D:2      | Reached XP level 3. HP: 24/33 MP: 3/3
   891 | D:2      | Noticed Jessica
  1305 | D:2      | Noticed Terence
  1582 | D:2      | Reached skill level 2 in Unarmed Combat
  1582 | D:2      | Reached XP level 4. HP: 14/41 MP: 4/4
  1713 | D:3      | Noticed Robin
  1762 | D:3      | Killed Robin
  1762 | D:3      | Reached skill level 2 in Fighting
  1885 | D:3      | Reached XP level 5. HP: 49/49 MP: 5/5
  2068 | D:3      | Reached skill level 3 in Dodging
  2659 | D:3      | Found a basalt altar of Yredelemnul.
  2659 | D:3      | Found a radiant altar of Vehumet.
  2697 | D:4      | Reached skill level 3 in Unarmed Combat
  2968 | D:4      | Reached XP level 6. HP: 52/59 MP: 6/6
  3105 | D:4      | HP: 14/59 [ogre/+0 giant club (5)]
  3111 | D:4      | HP: 9/59 [ogre/+0 giant club (1)]
  3193 | D:4      | Reached skill level 3 in Fighting
  3358 | D:4      | Noticed Blork the orc
  3370 | D:4      | Gained mutation: You are dopey. (Int -2) [potion of
                  | mutation]
  3370 | D:4      | Gained mutation: You have large cloven feet. [potion of
                  | mutation]
  3377 | D:4      | Killed Blork the orc
  3454 | D:4      | Reached skill level 4 in Unarmed Combat
  3454 | D:4      | Reached XP level 7. HP: 58/67 MP: 7/7
  3546 | D:5      | Entered Level 5 of the Dungeon
  3592 | D:5      | Reached skill level 4 in Dodging
  3778 | D:5      | Found a staircase to the Ecumenical Temple.
  3820 | Temple   | Entered the Ecumenical Temple
  3903 | Temple   | Became a worshipper of Warmaster Okawaru
  4000 | D:5      | Reached skill level 4 in Fighting
  4039 | D:5      | Reached skill level 5 in Unarmed Combat
  4046 | D:5      | Found a sand-covered staircase.
  4060 | Ossuary  | Entered an ossuary
  4094 | Ossuary  | Reached XP level 8. HP: 78/78 MP: 8/8
  4599 | D:5      | Reached skill level 5 in Dodging
  4660 | D:5      | Reached * piety under Okawaru
  4820 | D:6      | Found a runed translucent gate.
  4821 | D:6      | Found a runed translucent gate.
  4823 | D:6      | Found a runed translucent gate.
  4825 | D:6      | Noticed a kobold demonologist
  4826 | D:6      | Noticed OwlQaeda's ghost (novice MiFi)
  4908 | D:6      | Reached skill level 6 in Unarmed Combat
  4963 | D:6      | Reached skill level 5 in Fighting
  5042 | D:6      | Noticed Grinder
  5061 | D:6      | Found a burning altar of Makhleb.
  5161 | D:6      | Got a heavily runed amber ring
  5162 | D:6      | Identified the ring of Ring {*Drain +Blink rC++ rN+ Dex+5}
                  | (You found it on level 6 of the Dungeon)
  5380 | D:6      | Reached ** piety under Okawaru
  5380 | D:6      | Reached skill level 1 in Invocations
  5594 | D:7      | Reached XP level 9. HP: 87/88 MP: 9/9
  5711 | D:7      | Reached skill level 2 in Invocations
  5736 | D:7      | Reached skill level 6 in Dodging
  5898 | D:2      | Killed Terence
  5946 | D:2      | Noticed Sigmund
  5960 | D:2      | Killed Sigmund
  5960 | D:2      | Reached skill level 7 in Unarmed Combat
  6396 | D:2      | Killed Jessica
  6734 | D:7      | Reached skill level 3 in Invocations
  7104 | D:7      | Reached *** piety under Okawaru
  7117 | D:7      | Reached skill level 6 in Fighting
  7527 | D:8      | Noticed Psyche
  7535 | D:8      | Killed Psyche
  7603 | D:8      | Reached skill level 4 in Invocations
  7705 | D:8      | Reached XP level 10. HP: 100/100 MP: 12/12
  7734 | D:8      | Reached **** piety under Okawaru
  7858 | D:8      | Reached skill level 8 in Unarmed Combat
  7891 | D:8      | Reached skill level 7 in Dodging
  8773 | D:9      | Found a staircase to the Lair.
  8838 | D:9      | Found a glowing golden altar of the Shining One.
  9086 | D:9      | Reached skill level 7 in Fighting
  9086 | D:9      | Reached skill level 5 in Invocations
  9529 | D:10     | Entered Level 10 of the Dungeon
  9545 | D:10     | Noticed Maurice
  9716 | D:10     | Killed Maurice
  9716 | D:10     | Reached ***** piety under Okawaru
  9831 | D:10     | Noticed Snorg
  9860 | D:10     | Killed Snorg
  9860 | D:10     | Reached skill level 8 in Dodging
  9860 | D:10     | Reached skill level 9 in Unarmed Combat
 10103 | D:10     | Reached XP level 11. HP: 110/110 MP: 13/13
 10198 | D:10     | Received a gift from Okawaru
 10328 | D:10     | Found a runed translucent door.
 10456 | D:10     | Reached skill level 8 in Fighting
 10974 | D:11     | Noticed Nergalle
 10989 | D:11     | Killed Nergalle
 10989 | D:11     | Reached skill level 10 in Unarmed Combat
 11043 | D:11     | Noticed a six-headed hydra
 11046 | D:11     | Killed a six-headed hydra
 11063 | D:11     | Noticed a deep elf mage
 11075 | D:11     | Killed a deep elf mage
 11076 | D:11     | Noticed a deep elf mage
 11084 | D:11     | Killed a deep elf mage
 11084 | D:11     | Reached skill level 9 in Dodging
 11084 | D:11     | Noticed a wizard
 11095 | D:11     | Killed a wizard
 11098 | D:11     | Noticed a wizard
 11112 | D:11     | Killed a wizard
 11141 | D:11     | Identified Canefeux's Compendium of Plaster Cramp
 11148 | D:11     | Identified Ts'ui Pên's Catalogue of Forking Paths
 11287 | D:11     | Identified the Tome of Dhcmrlchtdj
 11395 | D:11     | Noticed a death knight
 11498 | D:11     | You fall through a shaft for 3 floors!
 11498 | D:14     | Noticed a centaur warrior
 11499 | D:14     | Noticed a cyan ugly thing
 11499 | D:14     | Noticed a cyan ugly thing
 11499 | D:14     | Noticed a cyan ugly thing
 11500 | D:14     | Noticed a cyan ugly thing
 11507 | D:14     | Killed a centaur warrior
 11507 | D:14     | Reached skill level 9 in Fighting
 11510 | D:14     | Killed a red ugly thing
 11517 | D:14     | Killed a red ugly thing
 11517 | D:14     | Reached ****** piety under Okawaru
 11517 | D:14     | Reached XP level 12. HP: 112/123 MP: 14/14
 11520 | D:14     | Received a gift from Okawaru
 11530 | D:14     | Reached skill level 11 in Unarmed Combat
 11565 | D:14     | Noticed a centaur warrior
 11575 | D:14     | Killed a centaur warrior
 12001 | D:13     | Noticed a two-headed ogre
 12016 | D:14     | Reached skill level 10 in Dodging
 12032 | D:13     | Killed a two-headed ogre
 12428 | D:13     | Reached skill level 10 in Fighting
 12736 | D:11     | Found Uxzyrak's Distillery.
 12913 | D:11     | HP: 21/126 [death knight/+0 morningstar (14)]
 12914 | D:11     | Killed a death knight
 13311 | Lair:1   | Entered Level 1 of the Lair of Beasts
 13325 | Lair:1   | You fall through a shaft!
 13325 | Lair:2   | Noticed a fire dragon
 13340 | Lair:2   | Killed a fire dragon
 13340 | Lair:2   | Reached skill level 12 in Unarmed Combat
 13698 | Lair:1   | Received a gift from Okawaru
 13721 | Lair:1   | Got a polished triple crossbow {god gift}
 13782 | Lair:1   | Found a frozen archway.
 13813 | IceCv    | Entered an ice cave
 13824 | IceCv    | Reached XP level 13. HP: 95/135 MP: 15/15
 14196 | IceCv    | Got heavily runed acid dragon scales
 14208 | IceCv    | Identified the +1 acid dragon scales of Gydeti {rF- rN+
                  | rCorr Slay+3} (You found it in an ice cave)
 14294 | Lair:1   | Found a hazy altar of Hepliaklqana.
 14781 | Lair:2   | Found a staircase to the Shoals.
 14815 | Lair:2   | Reached skill level 11 in Dodging
 14967 | Lair:2   | Found a staircase to the Snake Pit.
 15278 | Lair:2   | Received a gift from Okawaru
 15341 | Lair:2   | Got an encrusted whip
 15487 | Lair:2   | Reached skill level 11 in Fighting
 15809 | Lair:3   | Received a gift from Okawaru
 15828 | Lair:3   | Reached skill level 13 in Unarmed Combat
 16867 | Lair:4   | HP: 28/137 [komodo dragon (27)]
 16869 | Lair:4   | Slain by a komodo dragon

Skill      XL: |  1  2  3  4  5  6  7  8  9 10 11 12 13 |
---------------+----------------------------------------+-----
Unarmed Combat | 1 2 3 4 5 6 7 9 10 12 13 | 13.2
Dodging        | 2 3 4 5 6 8 9 10 11 | 11.5
Fighting       | 1 2 3 4 5 6 7 9 10 11 | 11.3
Invocations    | 1 4 5 |  5.0
Stealth        | |  1.0
Spellcasting   | |  1.2
Conjurations   | |  0.6
Fire Magic     | |  2.1

Action                   |  1- 3 |  4- 6 |  7- 9 | 10-12 | 13-15 || total
-------------------------+-------+-------+-------+-------+-------++-------
Melee: Unarmed           |    98 |   209 |   409 |   668 |   308 ||  1692
       Kick              |       |     4 |   140 |   260 |   146 ||   550
Invok: Heroism           |       |       |       |       |     3 ||     3
Evoke: Wand              |       |       |       |    13 |       ||    13
  Use: Potion            |       |     1 |       |     9 |       ||    10
       Scroll            |       |       |    19 |    12 |       ||    31
 Stab: Sleeping          |     4 |     4 |    11 |     9 |     1 ||    29
       Invisible         |       |       |       |     5 |       ||     5
       Distracted        |       |       |       |     1 |     1 ||     2
  Eat: Chunk             |    15 |    23 |    39 |    61 |    28 ||   166
Armor: Robe              |    31 |    54 |    69 |   120 |    55 ||   329
       Skin              |       |       |       |    37 |       ||    37
Dodge: Dodged            |    39 |    80 |   122 |   310 |   174 ||   725
Block: Shield            |    18 |    66 |   118 |   231 |    92 ||   525
       Large shield      |       |       |       |       |    55 ||    55

Levels and vault maps discovered:
D:1:      shiori_arrival_maze, layout_loops_ring, serial_rivers,
          chequers_serial_rivers_micro_e, chequers_serial_rivers_micro_e,
          chequers_serial_rivers_small_3, chequers_serial_rivers_micro_c,
          chequers_serial_rivers_room_a, chequers_serial_rivers_micro_b
D:2:      layout_basic, minmay_rat_hole, uniq_terence, uniq_jessica,
          uniq_sigmund
D:3:      layout_basic, nicolae_overflow_hidden_temple, serial_bayou,
          serial_bayou_lagoon_b, serial_bayou_pond_d, serial_bayou_ford_a,
          serial_bayou_crossing, uniq_robin
D:4:      layout_cave_pods, hangedman_decor_lopped, uniq_blork_the_orc
D:5:      layout_loops_ring, minmay_temple_entry_antechambers, enter_ossuary_1,
          first_ration
D:6:      layout_gridville, gammafunk_ghost_nasty_kobolds,
          makhleb_heckhound_becter, uniq_grinder
D:7:      layout_basic
D:8:      layout_loops_ring, enter_bailey_2, uniq_psyche
D:9:      layout_loops_ring, lair_entry_dummy, minmay_misc_feat_roman,
          blue_anna_alchemist [blue_anna_fruit_fields, blue_anna_fruit_fields],
          nicolae_tso_besieged_by_evil
D:10:     layout_basic, minmay_st_funbox, uniq_maurice, uniq_snorg
D:11:     layout_stronghold, serial_shops, shop, bh_hangedman_babel_library,
          uniq_nergalle
D:12:     layout_stronghold, zombieorc1_lemuel
D:13:     layout_small_grid
D:14:     layout_cave_pools, erik_vaults_1, columned_hall_lemuel,
          corexii_corridor_pit
Temple:   regret_index_temple_chain_breaker
Lair:1:   layout_small_grid, portal_ice_cave_demonic_guard, basic_altar,
          grunt_megastairs_3
Lair:2:   dragon1_lemuel, layout_cave_pods, minmay_shoals_entry_centaurs,
          minmay_snake_entry_guardpost_medium, st_stairs_6
Lair:3:   layout_misc_corridors, grunt_megastairs_4, lemuel_fruit_tree,
          minmay_lair_oklob_chamber
Lair:4:   layout_roguey, gauntlet_entry_generic, minivault_11
Ossuary:  ossuary_due_small_catacomb
IceCv:    ice_cave_statue_garden_chambered

Table legend:
 A = Turns spent in this place as a percentage of turns spent in the entire game.
 B = Non-inter-level travel turns spent in this place as a percentage of non-inter-level travel turns spent in the entire game.
 C = Inter-level travel turns spent in this place as a percentage of turns spent in this place.
 D = Turns resting spent in this place as a percentage of non-inter-level travel turns spent in this place.
 E = Turns spent auto-exploring this place as a percentage of non-inter-level travel turns spent in this place.
 F = Non-inter-level travel turns spent in this place divided by the number of levels of this place that you've seen.
                   A       B       C       D       E      F
               +-------+-------+-------+-------+-------+----------------------
         Total | 100.0 | 100.0 |   5.4 |   8.8 |  67.5 | 760.0
       Dungeon |  76.1 |  75.3 |   6.3 |   9.3 |  68.5 | 858.9
        Temple |   0.6 |   0.5 |  19.1 |   0.0 |  96.1 |  76.0
          Lair |  18.5 |  19.1 |   2.5 |   3.4 |  74.2 | 761.0
       Ossuary |   2.3 |   2.4 |   0.0 |   0.0 |  51.7 | 381.0
      Ice Cave |   2.6 |   2.7 |   0.0 |  39.2 |   1.8 | 436.0
               +-------+-------+-------+-------+-------+----------------------

Table legend:
 A = Kills in this place as a percentage of kills in entire the game.
 B = Kills by you in this place as a percentage of kills by you in the entire game.
 C = Kills by friends in this place as a percentage of kills by friends in the entire game.
 D = Other kills in this place as a percentage of other kills in the entire game.
 E = Experience gained in this place as a percentage of experience gained in the entire game.
 F = Experience gained in this place divided by the number of levels of this place that you have seen.
                   A       B       C       D       E      F
               +-------+-------+-------+-------+-------+----------------------
         Total | 100.0 | 100.0 |   N/A |   N/A | 100.0 | 2716.6
       Dungeon |  74.4 |  74.4 |   N/A |   N/A |  58.4 | 2378.4
          Lair |  17.1 |  17.1 |   N/A |   N/A |  35.4 | 5052.2
       Ossuary |   6.4 |   6.4 |   N/A |   N/A |   0.5 | 257.0
      Ice Cave |   2.2 |   2.2 |   N/A |   N/A |   5.8 | 3286.0
               +-------+-------+-------+-------+-------+----------------------
